 Dungeon Crawl Stone Soup version 0.17.0-73-gb648821 (console) character file.

7867 Kloppie the Carver (level 11, -3/101 HPs)
             Began as a Minotaur Fighter on Dec 9, 2015.
             Was a Believer of Elyvilon.
             Killed from afar by a deep elf mage (26 damage)
             ... with a fireball
             ... on level 9 of the Dungeon.
             The game lasted 00:15:29 (11518 turns).

Kloppie the Carver (Minotaur Fighter)              Turns: 11518, Time: 00:15:29

Health: -3/101     AC: 11    Str: 21    XL:     11   Next: 2%
Magic:  14/14      EV:  8    Int:  5    God:    Elyvilon [**....]
Gold:   409        SH: 11    Dex: 13    Spells: 0 memorised, 10 levels left

rFire  . . .     SeeInvis .     a - +1 long sword
rCold  + . .     Clarity  .     b - +0 scale mail
rNeg   . . .     SustAt   .     c - +0 shield
rPois  .         Gourm    .     (helmet restricted)
rElec  .         Spirit   .     l - +1 cloak
rCorr  .         Warding  .     (no gloves)
rMut   .         Stasis   .     (no boots)
MR     .....                    (no amulet)
Stlth  ..........               (no ring)
                                x - ring of protection from cold

@: not resistant to hostile enchantments, extremely unstealthy
A: retaliatory headbutt, horns 2
a: Lesser Healing, Heal Other, Divine Protection, Renounce Religion


You were on level 9 of the Dungeon.
You worshipped Elyvilon.
Elyvilon was pleased with you.
You were hungry.

You visited 2 branches of the dungeon, and saw 11 of its levels.

You collected 409 gold pieces.

Inventory:

Hand Weapons
 a - a +1 long sword (weapon)
Armour
 b - a +0 scale mail (worn)
 c - a +0 shield (worn)
 l - a +1 cloak (worn)
Rods
 F - a +0 rod of destruction (11/11)
   (You found it on level 8 of the Dungeon)
Jewellery
 x - a ring of protection from cold (left hand)
Wands
 k - a wand of frost (29)
 p - a wand of slowing (27)
 r - a wand of slowing (27)
 y - a wand of digging (11)
 E - a wand of frost (25)
Scrolls
 g - a scroll of fear
 m - a scroll of identify
 n - 5 scrolls of remove curse
 v - 3 scrolls of enchant weapon
 w - a scroll of blinking
 B - a scroll of amnesia
 D - a scroll of teleportation
Potions
 d - a potion of haste {unknown}
 h - 2 potions of curing
 o - 3 potions of brilliance
 q - 2 potions of agility
 s - 4 potions of lignification
 u - a potion of magic
 I - a potion of might
Books
 i - a book of Beasts

   Spells                             Type                      Level
   a - Summon Butterflies             Summoning                    1
   b - Call Canine Familiar           Summoning                    3
   c - Summon Ice Beast               Ice/Summoning                4
   d - Summon Mana Viper              Hexes/Summoning              5
   e - Summon Hydra                   Summoning                    7
 A - a book of Alchemy

   Spells                             Type                      Level
   a - Sublimation of Blood           Necromancy                   2
   b - Ignite Poison                  Fire/Transmutation/Poison    3
   c - Alistair's Intoxication        Transmutation/Poison         4
   d - Condensation Shield            Ice                          4
   e - Petrify                        Transmutation/Earth          4
   f - Irradiate                      Conjuration/Transmutation    5
Comestibles
 e - 4 bread rations
 f - 4 beef jerkies
 j - 2 fruits
 t - 3 meat rations


   Skills:
 - Level 10.5 Fighting
 + Level 11.8 Long Blades
 - Level 10.2 Armour
 + Level 7.5 Shields
 + Level 5.4 Invocations


You had 10 spell levels left.
You didn't know any spells.

Dungeon Overview and Level Annotations

Branches:
Dungeon (10/15)            Temple (1/1) D:5            Lair (0/8) D:8
    Orc: D:9-12

Altars:
Ashenzari
Cheibriados
Dithmenos
Elyvilon
Fedhas
Gozag
Kikubaaqudgha
Makhleb
Okawaru
Qazlal
Sif Muna
Trog
Vehumet
Xom
Zin
The Shining One


Innate Abilities, Weirdness & Mutations

You reflexively headbutt those who attack you in melee.
You have a pair of horns on your head.


Message History

You hit the orc priest. Your headbutt misses the orc priest.
The orc priest is lightly wounded.
The orc priest casts a cantrip, but nothing happens.
You barely miss the orc priest.
The orc priest is lightly wounded.
The orc priest hits you with a hand axe.
* * * LOW HITPOINT WARNING * * *
You are feeling hungry.
You hit the orc priest. You headbutt the orc priest!
The orc priest is almost dead.
You slash the orc priest!
You kill the orc priest!
You start resting.
A deep elf mage comes into view. It is wielding a dagger.
There is an open door here.
You see here a hand axe.
There's something blocking the doorway.
The deep elf mage casts a spell at you.
The fireball explodes!
The fireball engulfs you!
You die...

..#........########.....+...##..#
..#....[.†........#....##...#...#
###...[...........#....##...#...#
..................#.........#...#
..................+.........#####
...........[......###'###...#....
........................#...#....
...##+#....#######.e....#...#(...
...#..###'##....@)..[...'...'....
...#.............#......#'###....
#'##.............#...........)...
..######..##[.).>#.......[..(####
..##..##..##...).#...........'.()
...'..#..........#...........#.(#
...#..#..........#......##'###..#
.###..##..####...#......#.......#
.####'##..####...########.......#


You could see a deep elf mage.

Vanquished Creatures
  Pikel (D:5)
  A hill giant (D:9)
  A komodo dragon (D:9)
  A two-headed ogre (D:8)
  A deep elf mage (D:10)
  3 hippogriffs
  8 yaks
  Eustachio (D:6)
  2 steam dragons (D:9)
  A hungry ghost (D:9)
  Edmund (D:5)
  3 sky beasts
  3 phantoms
  3 orc warriors
  4 centaurs
  3 ogres
  3 crocodiles
  Blork the orc (D:5)
  A gnoll sergeant (D:7)
  5 giant frogs
  8 wights
  7 killer bees (D:9)
  3 scorpions (D:9)
  A centaur zombie (D:9)
  A giant frog zombie (D:6)
  3 crimson imps
  3 hounds
  A quasit (D:9)
  8 orc wizards
  A jelly (D:9)
  4 hell rats (D:8)
  3 iguanas
  Natasha (D:2)
  A centaur skeleton (D:7)
  6 orc priests
  5 worker ants
  A hound zombie (D:6)
  7 adders
  A worker ant zombie (D:5)
  8 gnolls
  2 oozes (D:5)
  3 worms
  2 adder skeletons
  4 giant geckos
  35 orcs
  6 giant cockroaches
  5 goblins
  15 hobgoblins
  10 kobolds
  4 quokkas
  10 bats
  A giant newt (D:5)
  11 jackals
  A quokka skeleton (D:5)
  10 rats
239 creatures vanquished.

Vanquished Creatures (others)
  A slave (D:5)
  An ogre (D:5)
  A necrophage (D:5)
  A worker ant (D:5)
4 creatures vanquished.

Grand Total: 243 creatures vanquished

Notes
Turn   | Place    | Note
--------------------------------------------------------------
     0 | D:1      | Kloppie the Minotaur Fighter began the quest for the Orb.
     0 | D:1      | Reached XP level 1. HP: 19/19 MP: 0/0
   266 | D:1      | Reached XP level 2. HP: 27/27 MP: 1/1
   637 | D:1      | Reached skill level 4 in Armour
   806 | D:2      | Reached XP level 3. HP: 31/33 MP: 2/2
   950 | D:2      | Found a faded altar to an unknown god.
   980 | D:2      | Found an iron altar of Okawaru.
   980 | D:2      | Noticed Natasha
   987 | D:2      | Killed Natasha
  1419 | D:2      | Reached XP level 4. HP: 34/41 MP: 3/3
  1990 | D:3      | Reached skill level 5 in Fighting
  1990 | D:3      | Reached XP level 5. HP: 44/48 MP: 4/4
  2251 | D:3      | Found a shattered altar of Ashenzari.
  2255 | D:3      | Noticed an ogre
  2266 | D:3      | Killed an ogre
  2266 | D:3      | Reached skill level 5 in Long Blades
  2266 | D:3      | Reached skill level 5 in Armour
  2266 | D:3      | Reached XP level 6. HP: 36/56 MP: 5/5
  2451 | D:3      | Found an opulent altar of Gozag.
  2807 | D:3      | Found a snail-covered altar of Cheibriados.
  2881 | D:4      | Reached skill level 6 in Fighting
  3188 | D:4      | Found a deep blue altar of Sif Muna.
  3289 | D:4      | Found a bloodstained altar of Trog.
  3669 | D:5      | Entered Level 5 of the Dungeon
  3675 | D:5      | Reached XP level 7. HP: 41/64 MP: 6/6
  3791 | D:5      | Found a shadowy altar of Dithmenos.
  3905 | D:5      | Noticed Edmund
  3918 | D:5      | Killed Edmund
  4007 | D:5      | Found a staircase to the Ecumenical Temple.
  4007 | D:5      | Noticed Pikel
  4040 | D:5      | Killed Pikel
  4040 | D:5      | Reached skill level 7 in Fighting
  4040 | D:5      | Reached XP level 8. HP: 17/74 MP: 7/7
  4554 | D:5      | Reached skill level 8 in Fighting
  4627 | D:5      | Found a shimmering altar of Xom.
  4628 | D:5      | Found a blossoming altar of Fedhas.
  4680 | Temple   | Entered the Ecumenical Temple
  4709 | Temple   | Became a worshipper of Elyvilon the Healer
  4809 | D:5      | Noticed Blork the orc
  4820 | D:5      | Killed Blork the orc
  4926 | D:6      | Noticed Eustachio
  4997 | D:6      | Killed Eustachio
  5175 | D:6      | Found an ancient bone altar of Kikubaaqudgha.
  5576 | D:6      | Found an iron altar of Okawaru.
  5629 | D:6      | Reached skill level 9 in Fighting
  5841 | D:6      | Reached XP level 9. HP: 71/83 MP: 8/8
  6082 | D:6      | Reached * piety under Elyvilon
  6851 | D:7      | Found a stormy altar of Qazlal.
  7106 | D:8      | Reached skill level 10 in Fighting
  7117 | D:8      | Reached skill level 10 in Armour
  7124 | D:8      | Reached skill level 10 in Long Blades
  7302 | D:8      | Found a staircase to the Lair.
  7342 | D:8      | Reached skill level 1 in Invocations
  7344 | D:8      | Reached XP level 10. HP: 39/94 MP: 9/9
  7922 | D:8      | Found a radiant altar of Vehumet.
  8783 | D:9      | Reached skill level 5 in Shields
  8793 | D:9      | Reached ** piety under Elyvilon
  9578 | D:9      | Reached skill level 11 in Long Blades
  9797 | D:9      | Found a glowing golden altar of the Shining One.
 10586 | D:10     | Entered Level 10 of the Dungeon
 11079 | D:10     | Noticed a hill giant
 11147 | D:9      | Killed a hill giant
 11147 | D:9      | Reached skill level 5 in Invocations
 11410 | D:10     | Reached XP level 11. HP: 73/101 MP: 12/14
 11427 | D:9      | HP: 4/101 [poisoned by a killer bee]
 11442 | D:9      | HP: 3/101 [orc priest/hand axe (4)]
 11518 | D:9      | Killed from afar by a deep elf mage

Action                   |  1- 3 |  4- 6 |  7- 9 | 10-12 || total
-------------------------+-------+-------+-------+-------++-------
Melee: Long sword        |    87 |   160 |   333 |   327 ||   907
Evoke: Wand              |       |     1 |       |       ||     1
  Use: Scroll            |       |       |    14 |     3 ||    17
       Potion            |       |       |     3 |     2 ||     5
  Eat: Chunk             |     2 |     7 |    11 |    14 ||    34
       Pizza             |       |       |     1 |       ||     1
